[Event "Titled Tuesday Blitz March 29 Early 2022"]
[White "Smietanska, Wiktoria"]
[Black "Goryachkina, Aleksandra"]
[WhiteFideId "21869359"]
[BlackFideId "4147103"]
[WhiteElo "1893"]
[BlackElo "2426"]
[Result "0-1"]
[Round "02"]
[TimeControl "180+1"]
[Date "2022.03.30"]
[WhiteClock "0:00:03"]
[BlackClock "0:00:06"]

1. c4 Nf6 2. Nc3 c5 3. Nf3 Nc6 4. g3 g6 5. d4 cxd4 6. Nxd4 Bg7 7. Bg2 O-O 8. O-O Qa5 9. e4 d6 10. h3 Nxd4 11. Qxd4 Be6 12. Qd3 Rac8 13. Nd5 Bxd5 14. cxd5 Nd7 15. Rb1 Qxa2 16. Be3 Nc5 17. Qb5 Qb3 18. Qa5 a6 19. Rfd1 Na4 20. Bf1 Nxb2 21. Bd4 Qxd1 22. Rxd1 Nxd1 23. Bxg7 Kxg7 24. Qa1+ Nc3 25. Bd3 Rc7 26. Kf1 Rfc8 27. Ke1 Kg8 28. Kd2 Nb5 29. Qb2 Rc5 30. g4 R8c7 31. h4 Rc3 32. h5 f6 33. h6 Kf7 34. g5 R3c5 35. gxf6 exf6 36. f4 Re7 37. Qb4 Nc3 38. Qd4 Nb5 39. Bxb5 Rxb5 40. f5 g5 41. Qd3 Rc5 42. Qh3 Rc4 43. Qh5+ Kf8 44. Qd1 Rcxe4 45. Qb3 Re2+ 46. Kd1 Re1+ 47. Kd2 R7e2+ 48. Kc3 Re3+ 49. Kb4 Rxb3+ 0-1


[Site "https://www.chess.com"]

[Event "Titled Tuesday Blitz March 29 Early 2022"]
[White "Steinberg, Nitzan"]
[Black "Pajeken, Jakob Leon"]
[WhiteFideId "2801795"]
[BlackFideId "12942839"]
[WhiteElo "2440"]
[BlackElo "2351"]
[Result "1/2-1/2"]
[Round "02"]
[TimeControl "180+1"]
[Date "2022.03.29"]
[WhiteClock "0:00:17"]
[BlackClock "0:00:12"]

1. e4 e5 2. Nf3 Nc6 3. Bc4 Bc5 4. c3 Nf6 5. d3 O-O 6. O-O a6 7. h3 d6 8. Bb3 h6 9. Re1 Ba7 10. Nbd2 Re8 11. Nf1 Be6 12. Ng3 Bxb3 13. Qxb3 Qd7 14. Be3 Bxe3 15. fxe3 d5 16. Rad1 b5 17. exd5 Qxd5 18. Ne4 Qxb3 19. Nxf6+ gxf6 20. axb3 b4 21. Nh4 Rab8 22. c4 Re6 23. Nf5 Kh7 24. d4 exd4 25. exd4 Rbe8 26. Rf1 Na5 27. d5 Re2 28. Rd3 Rxb2 29. Rg3 Rg8 30. Rff3 Rxg3 31. Rxg3 Rxb3 32. Rg7+ Kh8 33. Rxf7 Nxc4 34. Rxc7 Rc3 35. Rb7 Rd3 36. d6 Nxd6 37. Nxd6 Rxd6 38. Rxb4 Kg7 39. Kf2 f5 40. Kf3 Kf6 41. Ra4 Kg5 42. Ra5 h5 43. g3 Rb6 44. h4+ Kg6 45. Kf4 Rc6 46. Kf3 Re6 47. Kf4 Re4+ 48. Kf3 Re6 49. Kf4 Rc6 50. Kf3 Rd6 51. Kf4 Re6 52. Kf3 Kf6 53. Kf4 Kg6 54. Kf3 Rd6 55. Kf4 Re6 1/2-1/2


[Site "https://www.chess.com"]

[Event "Titled Tuesday Blitz March 29 Early 2022"]
[White "Szpar, Milosz"]
[Black "Federzoni, Enzo"]
[WhiteFideId "1184989"]
[BlackFideId "2173301"]
[WhiteElo "2447"]
[BlackElo "1956"]
[Result "0-1"]
[Round "02"]
[TimeControl "180+1"]
[Date "2022.03.30"]
[WhiteClock "0:00:11"]
[BlackClock "0:00:32"]

1. e4 c5 2. Nf3 e6 3. d4 cxd4 4. Nxd4 Nf6 5. Nc3 d6 6. g4 h6 7. h4 Nc6 8. g5 hxg5 9. Bxg5 Be7 10. Qd2 a6 11. f4 Qc7 12. O-O-O Bd7 13. Nf3 O-O-O 14. Bd3 Kb8 15. Kb1 Rc8 16. Ne2 Rhd8 17. Ned4 Nxd4 18. Nxd4 e5 19. Nf5 Bxf5 20. exf5 e4 21. Bxf6 exd3 22. Bc3 dxc2+ 23. Qxc2 Bf6 24. Rh3 d5 25. Qd2 d4 26. Ba5 Qd7 27. Bxd8 Qxf5+ 28. Qd3 Qxd3+ 29. Rdxd3 Rxd8 30. h5 Rh8 31. Kc2 Re8 32. Kd1 Kc7 33. h6 gxh6 34. Rxh6 Re6 35. f5 Rb6 36. b3 Kd7 37. Rh7 Ke7 38. Ke2 Rb5 39. Rh5 Re5+ 40. Kf3 Re1 41. Rh2 Kd6 42. Re2 Rf1+ 43. Ke4 Rh1 44. Rf3 Rd1 45. Rg2 Kc5 46. Rc2+ Kd6 47. Rh2 b5 48. Rh7 Ke7 49. Kd5 d3 50. Rhh3 d2 51. Rd3 Bg5 52. Rh2 Rf1 53. Re2+ Kf6 54. Rdxd2 Bxd2 55. Rxd2 Rxf5+ 56. Kc6 Kg5 57. Kb6 Rf6+ 58. Ka5 Re6 59. Kb4 f5 60. a4 bxa4 61. bxa4 f4 62. Rg2+ Kf5 63. Kc4 f3 64. Rg8 Kf4 65. Rf8+ Ke3 66. a5 Ke2 67. Kc5 f2 68. Kd4 f1=Q 69. Rxf1 Kxf1 70. Kd5 Rh6 71. Kc5 Ke2 72. Kb4 Kd3 73. Kc5 Kc3 74. Kd5 Kb4 75. Kd4 Kxa5 76. Kc4 Kb6 77. Kc3 Rh4 78. Kb3 a5 79. Ka3 Kb5 80. Kb3 a4+ 81. Ka3 Rh3+ 82. Kb2 Kb4 83. Ka2 Rh2+ 84. Kb1 Kb3 85. Kc1 a3 86. Kb1 a2+ 87. Ka1 Rh1# 0-1


[Site "https://www.chess.com"]

[Event "Titled Tuesday Blitz March 29 Early 2022"]
[White "Tabatabaei, M. Amin"]
[Black "Hnydiuk, Aleksander"]
[WhiteFideId "12521213"]
[BlackFideId "1109057"]
[WhiteElo "2544"]
[BlackElo "2374"]
[Result "1-0"]
[Round "02"]
[TimeControl "180+1"]
[Date "2022.03.30"]
[WhiteClock "0:01:38"]
[BlackClock "0:00:15"]

1. d4 Nf6 2. Nf3 g6 3. Nbd2 d5 4. b3 Bg7 5. Bb2 O-O 6. e3 c5 7. dxc5 Nbd7 8. b4 a5 9. a3 Qc7 10. c4 e5 11. cxd5 Nxd5 12. Bc4 N5f6 13. O-O e4 14. Nd4 Ne5 15. Nb5 Qe7 16. Nd6 Bg4 17. Be2 Bxe2 18. Qxe2 Nd3 19. Bc3 b6 20. N2xe4 Nxe4 21. Bxg7 Kxg7 22. Qxd3 Nxd6 23. cxd6 Rfd8 24. Rad1 Qf6 25. e4 axb4 26. axb4 Rd7 27. f4 Qb2 28. Qd4+ Qxd4+ 29. Rxd4 f6 30. e5 fxe5 31. fxe5 Re8 32. Rd5 Re6 33. h4 1-0


[Site "https://www.chess.com"]

[Event "Titled Tuesday Blitz March 29 Early 2022"]
[White "Talibov, Shiroghlan"]
[Black "Alinasab, Mobina"]
[WhiteFideId "13429078"]
[BlackFideId "12528897"]
[WhiteElo "2070"]
[BlackElo "2052"]
[Result "1-0"]
[Round "02"]
[TimeControl "180+1"]
[Date "2022.03.30"]
[WhiteClock "0:00:55"]
[BlackClock "0:00:03"]

1. d4 Nf6 2. c4 e6 3. g3 d5 4. Bg2 dxc4 5. Nf3 c6 6. Ne5 Bb4+ 7. Nc3 Nd5 8. Bd2 b5 9. O-O a5 10. a4 Bxc3 11. bxc3 O-O 12. e4 Nb6 13. axb5 cxb5 14. Qg4 f6 15. Nf3 e5 16. Qh4 Nc6 17. Rad1 exd4 18. cxd4 b4 19. d5 Ne5 20. Nxe5 fxe5 21. Bg5 Qe8 22. f4 h6 23. Be7 Rf7 24. d6 c3 25. fxe5 Be6 26. Rc1 Qc6 27. Bh3 Rxf1+ 28. Rxf1 Bxh3 29. Qxh3 Qc5+ 30. Kh1 Qxe5 31. Qg4 c2 32. Bf6 Qxf6 33. Rxf6 c1=Q+ 34. Kg2 Qb2+ 35. Rf2 Qd4 36. Qe6+ Kh8 37. e5 Qd5+ 38. Qxd5 Nxd5 39. e6 Ne3+ 40. Kh3 Nc4 41. d7 Nb6 42. d8=Q+ Rxd8 43. e7 Re8 44. Rf8+ Kh7 45. Rxe8 Nd5 46. Rh8+ Kxh8 47. e8=Q+ Kh7 48. Qe4+ Kh8 49. Qxd5 1-0


[Site "https://www.chess.com"]

[Event "Titled Tuesday Blitz March 29 Early 2022"]
[White "Tan, Jun Ying"]
[Black "Matsenko, Andrei"]
[WhiteFideId "5710413"]
[BlackFideId "24146501"]
[WhiteElo "1827"]
[BlackElo "2137"]
[Result "1-0"]
[Round "02"]
[TimeControl "180+1"]
[Date "2022.03.29"]
[WhiteClock "0:00:04"]
[BlackClock "0:00:17"]

1. d4 Nf6 2. c4 d6 3. Nc3 Nbd7 4. e4 e5 5. Nf3 c6 6. Be2 g6 7. O-O Bg7 8. Be3 O-O 9. d5 c5 10. Ne1 Ne8 11. g4 f5 12. gxf5 gxf5 13. exf5 Ndf6 14. Bd3 e4 15. Nxe4 Nxe4 16. Bxe4 Bxf5 17. Bxf5 Rxf5 18. Nd3 Nf6 19. Kh1 Qe7 20. Rg1 Qe4+ 21. Rg2 Kh8 22. Rc1 Rg8 23. Kg1 Rf3 24. Ne1 Rxe3 25. fxe3 Qxe3+ 26. Kh1 Ne4 27. Rcc2 Rf8 28. Nd3 Bd4 29. Qe2 Qxe2 30. Rgxe2 Rf1+ 31. Kg2 Rg1+ 32. Kf3 Ng5+ 33. Kf4 Nh3+ 34. Kf5 Rg6 35. Re8+ Kg7 36. Re7+ Kf8 37. Rxb7 Ng5 38. h4 Nf3 39. Re2 Nxh4+ 40. Kf4 Rf6+ 41. Kg3 Nf5+ 42. Kg2 Ne3+ 43. Kh3 Rf3+ 44. Kh2 Ng4+ 45. Kg2 Rxd3 46. Ree7 Ne3+ 47. Kh2 Ng4+ 48. Kg2 Ne5 49. Rxh7 Rd2+ 50. Kg3 Kg8 51. Rhc7 Ng6 52. Rc8+ Nf8 53. Rbb8 Rd3+ 54. Kg4 Kg7 55. Kf5 Rf3+ 56. Ke4 Rf7 57. Rd8 Ng6 58. Kd3 Rf3+ 59. Kc2 Rf2+ 60. Kc1 Rf1+ 61. Kc2 Rf2+ 62. Kc1 Ne5 63. Rb7+ Kg6 64. Rg8+ Kf5 65. Rf8+ Ke4 66. Rxf2 Bxf2 67. b3 a5 68. Ra7 Be1 69. Kc2 Bb4 70. a3 Bxa3 71. Rxa5 Bb4 72. Ra6 Nf3 73. Rxd6 Nd4+ 74. Kb2 Kd3 75. Rd8 Bc3+ 76. Ka3 Kc2 77. Ka4 Nxb3 78. d6 Nd2 79. d7 Bf6 80. Rf8 Be7 81. Re8 Bh4 82. d8=Q Bxd8 83. Rxd8 Kc3 84. Kb5 Nb3 85. Rg8 Nd4+ 86. Kxc5 Nb3+ 87. Kd5 Na5 88. c5 Kb4 89. c6 Kb5 90. c7 Nc6 91. c8=Q Ne7+ 92. Kd6 Nxc8+ 93. Rxc8 1-0


[Site "https://www.chess.com"]

[Event "Titled Tuesday Blitz March 29 Early 2022"]
[White "Tasev, Dejan"]
[Black "Mogirzan, Matei-Valeriu"]
[WhiteFideId "936618"]
[BlackFideId "1257455"]
[WhiteElo "2253"]
[BlackElo "1733"]
[Result "0-1"]
[Round "02"]
[TimeControl "180+1"]
[Date "2022.03.30"]
[WhiteClock "0:00:04"]
[BlackClock "0:00:04"]

1. e4 e5 2. Nf3 Nf6 3. Nxe5 Nc6 4. Nf3 Nxe4 5. Nc3 Nxc3 6. dxc3 d5 7. Bf4 Be6 8. Qd2 Bd6 9. O-O-O Qd7 10. Bd3 O-O-O 11. Rhe1 Na5 12. b3 Nc4 13. Bxc4 dxc4 14. Bxd6 Qxd6 15. Qxd6 Rxd6 16. Rxd6 cxd6 17. Nd4 Kd7 18. b4 a5 19. a3 axb4 20. axb4 Ra8 21. Kb2 g6 22. Ra1 Rxa1 23. Kxa1 Bd5 24. g3 h5 25. h4 f6 26. f4 Be4 27. Kb2 d5 28. Ka3 Kc7 29. Ka4 Kb6 30. b5 Kc5 31. Ka5 b6+ 32. Ka6 Bf5 33. Kb7 Bd7 34. Kc7 Bf5 35. Kb7 Bd7 36. Ka6 Bc8+ 37. Ka7 Bd7 38. f5 gxf5 39. Kb7 Bxb5 40. Nxf5 Ba4 41. Nd4 b5 42. Kc7 b4 43. Ne6+ Kb5 44. cxb4 Kxb4 45. Nf4 Bxc2 46. Nxd5+ Kb3 47. Nf4 c3 48. Nxh5 Bd3 49. Nxf6 c2 50. Kd6 c1=Q 51. Ke5 Qe1+ 52. Kf4 Qf1+ 53. Ke5 Qf5+ 0-1


[Site "https://www.chess.com"]

[Event "Titled Tuesday Blitz March 29 Early 2022"]
[White "Thomas, Anysia"]
[Black "Martin Carmona, Gaston Manuel"]
[WhiteFideId "670472"]
[BlackFideId "22284567"]
[WhiteElo "2002"]
[BlackElo "2161"]
[Result "1-0"]
[Round "02"]
[TimeControl "180+1"]
[Date "2022.03.30"]
[WhiteClock "0:00:12"]
[BlackClock "0:00:27"]

1. d4 Nf6 2. c4 c5 3. d5 b5 4. cxb5 a6 5. bxa6 g6 6. Nc3 Bg7 7. e4 O-O 8. e5 Ne8 9. h4 Bxe5 10. Bh6 Ng7 11. Nf3 Bf6 12. h5 Bxa6 13. Qd2 Qa5 14. Rc1 Bxf1 15. Kxf1 Na6 16. Ng5 Nxh5 17. Rxh5 gxh5 18. Qe2 Bxg5 19. Bxg5 f6 20. Bh6 Rf7 21. Qxh5 Nb4 22. Ne4 Qa6+ 23. Kg1 Qd3 24. Rc3 Qxd5 25. Rg3+ Kh8 26. Qg4 f5 27. Bg7+ Kg8 28. Qg5 Qd1+ 29. Kh2 Qh5+ 30. Qxh5 Rxg7 31. Rxg7+ Kxg7 32. Qg5+ Kh8 33. Qxf5 e6 34. Qf6+ Kg8 35. Ng5 Rf8 36. Qe7 1-0


[Site "https://www.chess.com"]

[Event "Titled Tuesday Blitz March 29 Early 2022"]
[White "Timofeev, Artyom"]
[Black "Postnikov, Daniil"]
[WhiteFideId "4140419"]
[BlackFideId "4166329"]
[WhiteElo "2594"]
[BlackElo "2261"]
[Result "1-0"]
[Round "02"]
[TimeControl "180+1"]
[Date "2022.03.29"]
[WhiteClock "0:00:26"]
[BlackClock "0:00:32"]

1. e4 e6 2. g3 g6 3. Bg2 Bg7 4. d4 Ne7 5. Ne2 O-O 6. O-O d5 7. Nbc3 dxe4 8. Nxe4 Nd7 9. c3 Rb8 10. Bf4 b6 11. Qd2 Bb7 12. Bh6 Nf5 13. Bxg7 Kxg7 14. Rad1 Qe7 15. Rfe1 c5 16. h4 Rfd8 17. h5 Nf6 18. Nxf6 Qxf6 19. Qf4 Bxg2 20. Kxg2 Nh6 21. dxc5 bxc5 22. Rxd8 Rxd8 23. b4 Rd5 24. Qxf6+ Kxf6 25. Nf4 Rf5 26. b5 g5 27. Nh3 Rd5 28. a4 Rd2 29. Re4 Ra2 30. Rc4 Nf5 31. Rxc5 Rxa4 32. Ng1 Ra2 33. g4 Ne3+ 34. Kf3 Nd5 35. Ne2 Ke5 36. c4 Kd6 37. Rc6+ 1-0


[Site "https://www.chess.com"]

[Event "Titled Tuesday Blitz March 29 Early 2022"]
[White "Todorovic, Bojan"]
[Black "De Silva, L M S T"]
[WhiteFideId "917087"]
[BlackFideId "9953698"]
[WhiteElo "2266"]
[BlackElo "1631"]
[Result "0-1"]
[Round "02"]
[TimeControl "180+1"]
[Date "2022.03.30"]
[WhiteClock "0:00:01"]
[BlackClock "0:00:42"]

1. d4 Nf6 2. Bg5 e6 3. Nd2 h6 4. Bh4 g5 5. Bg3 Bg7 6. e4 d5 7. e5 Ne4 8. Bd3 Nxd2 9. Qxd2 c5 10. c3 Nc6 11. Ne2 Qb6 12. O-O Bd7 13. Bc2 O-O-O 14. Rfb1 Kb8 15. b4 cxd4 16. cxd4 Ne7 17. a4 Rc8 18. Bd3 Ng6 19. a5 Qd8 20. Nc3 h5 21. f3 h4 22. Bf2 Nf4 23. Bf1 Bh6 24. Be3 f6 25. Ne2 Ng6 26. exf6 Qxf6 27. b5 Nf4 28. b6 a6 29. h3 Qf5 30. Rc1 Bb5 31. Rxc8+ Rxc8 32. Rc1 Bc4 33. Nxf4 gxf4 34. Bf2 Bg5 35. Qb4 Qf8 36. Qxf8 Rxf8 37. Bxc4 Rc8 38. Re1 dxc4 39. Rc1 c3 40. Rc2 Be7 41. Kf1 Bb4 42. Bxh4 Bxa5 43. Bf6 Bxb6 44. h4 Ba5 45. Be5+ Ka7 46. h5 b5 47. h6 b4 48. Ke2 b3 0-1


[Site "https://www.chess.com"]

[Event "Titled Tuesday Blitz March 29 Early 2022"]
[White "Toncheva, Nadya"]
[Black "Seo, Jung Min"]
[WhiteFideId "2924056"]
[BlackFideId "1734687"]
[WhiteElo "1884"]
[BlackElo "2401"]
[Result "1-0"]
[Round "02"]
[TimeControl "180+1"]
[Date "2022.03.30"]
[WhiteClock "0:00:14"]
[BlackClock "0:00:46"]

1. e4 e5 2. Nf3 Nc6 3. Bc4 Bc5 4. c3 Nf6 5. d3 O-O 6. O-O d6 7. Nbd2 a6 8. Bb3 Ba7 9. Re1 Ne7 10. Nf1 Ng6 11. Ng3 Re8 12. h3 c6 13. d4 exd4 14. cxd4 Be6 15. Bc2 Rc8 16. Be3 c5 17. Qd2 cxd4 18. Bxd4 Bc5 19. Rad1 Nd7 20. b4 Bxd4 21. Nxd4 Nde5 22. Ndf5 Bxf5 23. exf5 Nf8 24. Bb3 Nc4 25. Rxe8 Qxe8 26. Bxc4 Rxc4 27. Qxd6 h6 28. Kh2 Qc6 29. Qe7 Qc7 30. Qe3 Rxb4 31. f6 Qf4 32. fxg7 Ne6 33. Rd8+ Kxg7 34. Qc3+ Nd4 35. Rxd4 Rxd4 36. Qxd4+ 1-0


[Site "https://www.chess.com"]

[Event "Titled Tuesday Blitz March 29 Early 2022"]
[White "Tregubov, Pavel V."]
[Black "Wu, Sibo"]
[WhiteFideId "4115341"]
[BlackFideId "8606048"]
[WhiteElo "2341"]
[BlackElo "2334"]
[Result "1-0"]
[Round "02"]
[TimeControl "180+1"]
[Date "2022.03.30"]
[WhiteClock "0:00:45"]
[BlackClock "0:00:16"]

1. e4 c5 2. Nf3 Nc6 3. c3 d5 4. exd5 Qxd5 5. d4 e6 6. Be2 cxd4 7. cxd4 Nf6 8. Nc3 Qd8 9. O-O Be7 10. Be3 O-O 11. Ne5 Nb4 12. Bf3 Nbd5 13. Bg5 h6 14. Bh4 Nxc3 15. bxc3 Nd5 16. Bxe7 Qxe7 17. c4 Nb6 18. Qb3 Qc7 19. Rac1 Nd7 20. Nd3 e5 21. dxe5 Nxe5 22. Nxe5 Qxe5 23. c5 Rb8 24. Rfe1 Qc7 25. Qa3 Be6 26. Qxa7 Rfd8 27. c6 Rd2 28. cxb7 Qf4 29. g3 Qxf3 30. Qxb8+ Kh7 31. Qf4 Qxb7 32. Qxd2 1-0


[Site "https://www.chess.com"]

[Event "Titled Tuesday Blitz March 29 Early 2022"]
[White "Tristan, Leonardo"]
[Black "Sztokbant, Bernardo Vainzoff"]
[WhiteFideId "113816"]
[BlackFideId "2115956"]
[WhiteElo "2404"]
[BlackElo "2237"]
[Result "1-0"]
[Round "02"]
[TimeControl "180+1"]
[Date "2022.03.29"]
[WhiteClock "0:02:20"]
[BlackClock "0:01:48"]

1. d4 Nf6 2. Nf3 d5 3. Bf4 c6 4. e3 Bf5 5. c4 e6 6. Nc3 Nbd7 7. Qb3 Qb6 8. c5 Qxb3 9. axb3 a6 10. h3 h6 11. b4 Rc8 12. Nd2 Be7 13. Nb3 Bd8 14. Be2 Bc7 15. Bxc7 Rxc7 16. b5 cxb5 17. Nxb5 Rc6 18. Na5 Ke7 19. Nxc6+ bxc6 20. Nd6 Rb8 21. O-O Rxb2 22. Bxa6 Bg6 23. Bb7 Ne4 24. Bxc6 Nxd6 25. Ra7 1-0


[Site "https://www.chess.com"]

[Event "Titled Tuesday Blitz March 29 Early 2022"]
[White "Tsvetkov, Andrey"]
[Black "Balint, Vilmos"]
[WhiteFideId "34139360"]
[BlackFideId "718050"]
[WhiteElo "2280"]
[BlackElo "2059"]
[Result "1-0"]
[Round "02"]
[TimeControl "180+1"]
[Date "2022.03.30"]
[WhiteClock "0:00:23"]
[BlackClock "0:00:09"]

1. d4 f5 2. Nf3 Nf6 3. c4 g6 4. Nc3 Bg7 5. h4 h6 6. Qc2 d6 7. e4 fxe4 8. Nxe4 Bf5 9. Bd3 Qd7 10. h5 Nxh5 11. Nxd6+ exd6 12. Bxf5 Qxf5 13. Qxf5 gxf5 14. Rxh5 Nc6 15. Be3 Ne7 16. O-O-O Kf7 17. d5 Rag8 18. g3 a6 19. Nh4 Bf6 20. Nxf5 Bg5 21. Nxh6+ Bxh6 22. Rxh6 Rxh6 23. Bxh6 Rh8 24. Bg5 Rh2 25. Bxe7 Kxe7 26. Re1+ Kf6 27. Re2 Kf5 28. a3 c6 29. dxc6 bxc6 30. Kd2 d5 31. cxd5 cxd5 32. Kd3 Rh1 33. Rd2 Kg4 34. Kd4 Rh5 35. Rd3 Rf5 36. Rd2 Kf3 37. b4 Rg5 38. Kc5 a5 39. Rxd5 Rg8 40. Rf5+ Ke4 41. Rf4+ Ke5 42. bxa5 Rc8+ 43. Kb6 Rc3 44. a4 Ra3 45. a6 Kd6 46. a7 Rb3+ 47. Ka5 Rb8 48. axb8=Q+ 1-0


[Site "https://www.chess.com"]

[Event "Titled Tuesday Blitz March 29 Early 2022"]
[White "Tsydypov, Zhamsaran"]
[Black "Zemlyanskii, Ivan"]
[WhiteFideId "4108566"]
[BlackFideId "24249971"]
[WhiteElo "2614"]
[BlackElo "1759"]
[Result "1-0"]
[Round "02"]
[TimeControl "180+1"]
[Date "2022.03.29"]
[WhiteClock "0:01:22"]
[BlackClock "0:00:06"]

1. d4 Nf6 2. c4 e6 3. Nf3 b6 4. g3 Ba6 5. Qc2 Bb7 6. Bg2 c5 7. d5 exd5 8. Nh4 Nc6 9. cxd5 Nb4 10. Qb3 Bxd5 11. Bxd5 Nbxd5 12. e4 c4 13. Qf3 Nb4 14. O-O d6 15. Bg5 Nc2 16. e5 Nd4 17. Qe3 dxe5 18. Qxe5+ Be7 19. Bxf6 gxf6 20. Qe4 O-O 21. Rd1 Bc5 22. Nf5 Kh8 23. Nxd4 Re8 24. Qh4 Bxd4 25. Rxd4 Re1+ 26. Kg2 Qe7 27. Nc3 Rxa1 28. Nd5 Qe5 29. Nxf6 h5 30. Rd5 Qe1 31. Rxh5+ Kg7 32. Qg5+ Kf8 33. Rh8+ Ke7 34. Ne4+ Ke6 35. Qf6+ Kd5 36. Qd6+ Kxe4 37. Rh4+ Kf5 38. Rf4+ Kg5 39. Qf6+ Kh5 40. Rh4# 1-0


[Site "https://www.chess.com"]

[Event "Titled Tuesday Blitz March 29 Early 2022"]
[White "Tsyhanchuk, Stanislav"]
[Black "Perez Gormaz, Matias"]
[WhiteFideId "13505130"]
[BlackFideId "3406342"]
[WhiteElo "2078"]
[BlackElo "2327"]
[Result "1-0"]
[Round "02"]
[TimeControl "180+1"]
[Date "2022.03.30"]
[WhiteClock "0:00:11"]
[BlackClock "0:00:17"]

1. e4 c5 2. Nf3 d6 3. d4 cxd4 4. Nxd4 Nf6 5. Nc3 a6 6. Be3 e5 7. Nb3 Be7 8. Qd2 Be6 9. O-O-O Nbd7 10. f4 Rc8 11. Kb1 b5 12. h3 h5 13. Bd3 h4 14. f5 Bc4 15. Rhg1 Nb6 16. g4 hxg3 17. Rxg3 Bf8 18. Bg5 b4 19. Ne2 d5 20. exd5 Qxd5 21. Bxf6 gxf6 22. Bxc4 Qxd2 23. Bxf7+ Kxf7 24. Nxd2 Rd8 25. Nc1 Bh6 26. Rd3 Rxd3 27. Nxd3 Bxd2 28. Rxd2 Rxh3 29. b3 Nd5 30. Nxe5+ fxe5 31. Rxd5 Kf6 32. Kc1 Kxf5 33. Kd2 Rc3 34. a3 Ke4 35. Ra5 Rc6 36. axb4 Kd4 37. b5 axb5 38. Rxb5 e4 39. c3+ Rxc3 40. Rb4+ Ke5 41. Kxc3 1-0


[Site "https://www.chess.com"]

[Event "Titled Tuesday Blitz March 29 Early 2022"]
[White "Tymrakiewicz, Rafal"]
[Black "Vidruska, Renate"]
[WhiteFideId "1108832"]
[BlackFideId "11601841"]
[WhiteElo "2205"]
[BlackElo "1800"]
[Result "0-1"]
[Round "02"]
[TimeControl "180+1"]
[Date "2022.03.30"]
[WhiteClock "0:00:23"]
[BlackClock "0:00:34"]

1. d4 Nf6 2. Bg5 e6 3. Nd2 h6 4. Bh4 b6 5. e4 g5 6. Bg3 Bb7 7. Bd3 d6 8. h4 Bg7 9. Nh3 g4 10. Nf4 e5 11. Ne2 Nh5 12. d5 Nd7 13. c4 Qe7 14. Nf1 f5 15. Ne3 f4 16. Nf5 Qf7 17. Bh2 Bf6 18. f3 g3 19. Bg1 Ng7 20. Nxg7+ Qxg7 21. b4 h5 22. Qa4 Qe7 23. c5 dxc5 24. bxc5 bxc5 25. Rb1 Bc8 26. Bb5 O-O 27. Bc6 Rb8 28. Kd2 Rxb1 29. Nc3 Rb2+ 30. Kd3 Rxg2 31. Qb5 Nb6 32. Bxc5 Qg7 33. Bxf8 Qxf8 34. Qa5 Rf2 35. Nd1 Rxf3+ 36. Ke2 Ra3 0-1


[Site "https://www.chess.com"]

[Event "Titled Tuesday Blitz March 29 Early 2022"]
[White "Vovk, Orest"]
[Black "Simonovic, Miroslav"]
[WhiteFideId "14113490"]
[BlackFideId "919152"]
[WhiteElo "2203"]
[BlackElo "2043"]
[Result "1-0"]
[Round "02"]
[TimeControl "180+1"]
[Date "2022.03.30"]
[WhiteClock "0:01:11"]
[BlackClock "0:00:09"]

1. h4 c5 2. h5 Nc6 3. d3 e5 4. Nc3 f5 5. e4 f4 6. Nf3 Nf6 7. h6 g6 8. Nd5 d6 9. Nxf6+ Qxf6 10. c4 Bd7 11. Bd2 O-O-O 12. Bc3 g5 13. Be2 Rg8 14. Nh2 Qxh6 15. Kd2 Qg7 16. Ng4 Be7 17. Nh6 Rh8 18. Bg4 Bf6 19. Nf5 Bxf5 20. Bxf5+ Kb8 21. Qh5 h6 22. g4 Ne7 23. Be6 Qg6 24. Qxg6 Nxg6 25. b4 b6 26. a4 Nh4 27. a5 cxb4 28. Bxb4 Rh7 29. axb6 axb6 30. Ra6 Rb7 31. Rha1 Nf3+ 32. Kc3 Nd4 33. Bd5 Rdd7 34. Ra8+ Kc7 35. Bxb7 Kxb7 36. R1a7+ Kc6 37. Rc8+ 1-0


[Site "https://www.chess.com"]

[Event "Titled Tuesday Blitz March 29 Early 2022"]
[White "Vusatiuk, Vladimir"]
[Black "Kucuksari, Kaan"]
[WhiteFideId "14118610"]
[BlackFideId "6380166"]
[WhiteElo "2157"]
[BlackElo "2305"]
[Result "1-0"]
[Round "02"]
[TimeControl "180+1"]
[Date "2022.03.30"]
[WhiteClock "0:00:08"]
[BlackClock "0:00:22"]

1. d4 d5 2. c4 c6 3. e3 Nf6 4. Nc3 e6 5. Nf3 Nbd7 6. Be2 Bd6 7. Qc2 O-O 8. O-O b6 9. Rd1 Bb7 10. b3 Qe7 11. Bb2 Rad8 12. cxd5 cxd5 13. Nb5 Rc8 14. Qb1 a6 15. Nxd6 Qxd6 16. a4 Rfe8 17. Ba3 Qb8 18. Qb2 Ne4 19. Rac1 Rxc1 20. Rxc1 Rc8 21. Bd3 Rc7 22. Ne1 Qc8 23. f3 Nef6 24. Rc2 Qb8 25. Qc1 Rxc2 26. Nxc2 e5 27. Nb4 exd4 28. exd4 a5 29. Nc6 Bxc6 30. Qxc6 h6 31. Bf5 Nf8 32. Bd6 Qd8 33. Qc7 Qe8 34. Qe7 Qxe7 35. Bxe7 Ne6 36. Bxe6 fxe6 37. Bd8 Nd7 38. Kf2 Kf7 39. Ke3 Ke8 40. Bc7 Ke7 41. Kd3 Kf6 42. Kc3 e5 43. dxe5+ Nxe5 44. Bxb6 Nc6 45. Bd4+ Kf7 46. Bc5 g5 47. b4 Ke6 48. b5 Nd8 49. Bb6 Nb7 50. Kd4 h5 51. Bc5 g4 52. fxg4 hxg4 53. h3 g3 54. Bb6 Nd6 55. Bxa5 Nf5+ 56. Kd3 Nh4 57. Bc7 Nf5 58. Bf4 Kd7 59. a5 Kc8 60. a6 Ne7 61. b6 Nc6 62. b7+ Kd7 63. a7 Nxa7 64. b8=Q 1-0


[Site "https://www.chess.com"]

[Event "Titled Tuesday Blitz March 29 Early 2022"]
[White "Wong, Yinn Long"]
[Black "Chernomordik, Pavel"]
[WhiteFideId "5707684"]
[BlackFideId "2804530"]
[WhiteElo "2055"]
[BlackElo "2249"]
[Result "1/2-1/2"]
[Round "02"]
[TimeControl "180+1"]
[Date "2022.03.30"]
[WhiteClock "0:00:24"]
[BlackClock "0:00:17"]

1. Nf3 g6 2. g3 Bg7 3. Bg2 e5 4. d3 Nc6 5. c4 d6 6. O-O h6 7. Nc3 Be6 8. Rb1 Qd7 9. b4 Nge7 10. b5 Nd8 11. Bb2 O-O 12. e3 Bh3 13. Nd2 Bxg2 14. Kxg2 Ne6 15. Qe2 f5 16. f4 Rae8 17. Qf3 Nc5 18. e4 exf4 19. gxf4 Ne6 20. Qg3 fxe4 21. dxe4 Kh7 22. Rbe1 Rf7 23. Kh1 Ref8 24. f5 gxf5 25. exf5 Nxf5 26. Qd3 Nc5 27. Qh3 Nd4 28. Qxd7 Rxf1+ 29. Rxf1 Rxf1+ 30. Nxf1 Nxd7 31. Nd5 c6 32. bxc6 bxc6 33. Ne7 Nb6 34. Ne3 Na4 35. Bxd4 Bxd4 36. N3f5 Bc5 37. Nxc6 Nb2 38. Na5 Bb6 39. Nb7 Nxc4 40. Nfxd6 Nxd6 41. Nxd6 Kg6 42. Kg2 Kf6 43. Kf3 Ke6 44. Nc4 Bc7 45. h3 Kd5 46. Nd2 Kd4 47. Kg4 Kc3 48. Ne4+ Kb2 49. a4 a5 50. Nc5 Kc3 51. Kh5 Bf4 52. Nb7 Kb4 53. Nxa5 Kxa5 54. Kg4 Bc1 55. Kf3 Kxa4 56. Kg2 Kb4 57. h4 Kc4 58. h5 Kd4 59. Kh1 Ke4 60. Kg2 Kf4 61. Kh1 Kg4 62. Kg2 Be3 63. Kh1 Kxh5 64. Kg2 Kg4 65. Kh1 Kh3 1/2-1/2


[Site "https://www.chess.com"]

[Event "Titled Tuesday Blitz March 29 Early 2022"]
[White "Yaniuk, Volodymyr"]
[Black "Sergienko, Sergey"]
[WhiteFideId "14133083"]
[BlackFideId "4115791"]
[WhiteElo "2207"]
[BlackElo "2193"]
[Result "1-0"]
[Round "02"]
[TimeControl "180+1"]
[Date "2022.03.30"]
[WhiteClock "0:01:22"]
[BlackClock "0:00:29"]

1. d4 Nf6 2. c4 c5 3. Nf3 cxd4 4. Nxd4 b6 5. Nc3 Bb7 6. f3 d6 7. e4 e6 8. Be3 Be7 9. Qd2 Nbd7 10. O-O-O a6 11. g4 b5 12. cxb5 axb5 13. Ndxb5 d5 14. e5 Nxe5 15. Bf4 Nfd7 16. Qe2 f6 17. Kb1 O-O 18. Nd4 Qb6 19. Qb5 Qd6 20. Qb3 Ba6 21. Ndb5 Bxb5 22. Nxb5 Qb8 23. Be2 Nc5 24. Qe3 Rc8 25. g5 Qb6 26. gxf6 gxf6 27. Rhg1+ Kh8 28. Bxe5 1-0


[Site "https://www.chess.com"]